Map: Submarine LE

Players

Reynor

  • Race: Zerg Zerg
  • Spawn Location: 11:00

maru - Winner!

  • Race: Terran Terran
  • Spawn Location: 5:00

Event: ASUS ROG Online 2020

VOD

Have the link to the VOD?

Description

Time

  • Played on: Nov. 29, 2020, 12:54 p.m.
  • Length: 7:57

All games in this series

Show
View Real Time Build Order
Export as new Build Order

Reynor Zerg 

Build Orders: Hatch First 

Get SALT Encoding   

  12  0:00  Drone  
  13  0:12  Overlord  
  13  0:17  Drone  
  14  0:30  Drone x2  
  16  0:48  Hatchery  
  15  0:51  Drone  
  15  0:55  Drone  
  17  0:58  Drone  
  18  1:09  Extractor  
  17  1:13  Spawning Pool  
  17  1:17  Drone  
  17  1:20  Drone  
  18  1:28  Drone  
  19  1:39  Drone  
  20  1:50  Overlord  
  20  2:00  Queen x2  
  20  2:01  Zergling x4  
  26  2:10  Drone  
  26  2:11  Drone  
  28  2:21  Drone  
  28  2:22  Drone  
  30  2:29  Hatchery  
  28  2:40  Spore Crawler, Drone  
  29  2:44  Queen  
  29  2:45  Metabolic Boost  
  29  2:50  Overlord  
  31  2:53  Drone  
  31  2:54  Drone  
  31  2:57  Drone  
  34  3:00  Drone  
  35  3:09  Drone x2  
  37  3:14  Overlord  
  37  3:19  Drone x2  
  39  3:20  Queen  
  41  3:27  Overlord  
  41  3:29  Drone x2  
  44  3:34  Drone  
  44  3:35  Queen  
  44  3:38  Zergling x2  
  44  3:41  Zergling x4  
  49  3:44  Overlord  
  49  3:46  Drone  
  49  3:48  Drone  
  51  3:52  Queen  
  51  3:54  Drone  
  54  3:56  Drone  
  54  3:58  Drone  
  54  3:59  Drone  
  54  4:01  Drone  
  58  4:03  Drone  
  58  4:05  Zergling x2  
  58  4:06  Zergling x2  
  61  4:12  Baneling Nest  
  61  4:13  Queen  
  61  4:16  Drone  
  63  4:17  Drone  
  63  4:18  Drone  
  63  4:23  Lair  
  65  4:25  Extractor, Drone  
  65  4:27  Overlord  
  65  4:35  Overlord  
  65  4:37  Spore Crawler  
  64  4:38  Drone  
  65  4:47  Drone  
  65  4:48  Drone x2  
  65  4:50  Zergling x8  
  65  4:52  Drone x2  
  73  4:55  Baneling x4  
  73  4:57  Drone  
  73  4:58  Drone x2  
  76  5:01  Spore Crawler  
  76  5:02  Zergling x4, Spore Crawler  
  76  5:03  Drone x3  
  79  5:09  Overlord  
  79  5:11  Drone  
  79  5:12  Drone  
  80  5:22  Drone  
  80  5:26  Hatchery  
  80  5:28  Extractor x2, Drone x3  
  79  5:29  Drone  
  79  5:30  Drone, Evolution Chamber  
  79  5:32  Evolution Chamber  
  79  5:34  Centrifical Hooks  
  81  5:36  Overlord  
  81  5:37  Drone  
  81  5:40  Drone x3  
  81  5:41  Drone  
  86  5:43  Drone x2  
  86  5:45  Drone  
  88  5:55  Drone x2  
  88  5:56  Drone  
  91  5:58  Zerg Ground Armor Level 1  
  91  6:00  Drone x3  
  94  6:04  Drone x2  
  94  6:05  Drone  
  94  6:07  Zergling x4  
  94  6:08  Zergling x2  
  97  6:12  Overlord x2  
  97  6:27  Zergling x2, Hatchery  
  97  6:30  Overlord  
  97  6:32  Zergling x14  
  104  6:36  Zergling x10  
  104  6:37  Baneling x6  
  104  6:39  Zergling x2  
  110  6:46  Zergling x2  
  110  6:47  Zergling x4  
  115  6:53  Zergling x4  
  115  6:54  Zergling x4, Baneling  
  110  6:55  Queen, Baneling x6  
  110  6:56  Zergling x2  
  102  7:02  Zergling x6  
  102  7:03  Zergling x4  
  102  7:04  Zergling x4  
  102  7:06  Zergling x2  
  102  7:08  Baneling x2  
  105  7:10  Zergling x2  
  105  7:14  Zergling x6  
  100  7:20  Zergling x2  
  93  7:24  Zergling x4, Baneling x10  
  93  7:28  Baneling x3  
  95  7:30  Zergling x2  
  95  7:33  Hatchery  
  95  7:35  Zergling x2  
  98  7:39  Zergling x2, Hatchery  
  98  7:40  Zergling x6  
Show
View Real Time Build Order
Export as new Build Order

maru Terran - Winner!

Build Orders: Hellion Opening, Reaper Expand 

Get SALT Encoding   

  12  0:00  SCV  
  13  0:12  SCV  
  14  0:17  Supply Depot  
  14  0:24  SCV  
  15  0:39  SCV  
  15  0:41  Barracks  
  16  0:43  Refinery  
  16  0:51  SCV  
  17  1:03  SCV  
  18  1:15  SCV  
  19  1:28  Orbital Command, Reaper  
  20  1:39  Command Center  
  20  1:48  Supply Depot  
  20  1:53  SCV  
  21  1:59  Marine  
  22  2:05  SCV  
  23  2:08  Factory  
  23  2:17  SCV  
  23  2:21  Barracks Reactor  
  24  2:29  SCV  
  25  2:42  SCV  
  26  2:45  Command Center  
  26  2:52  Orbital Command  
  26  2:54  SCV  
  26  2:58  Starport  
  27  3:02  Refinery  
  27  3:06  SCV  
  28  3:13  Hellion x2  
  28  3:18  SCV  
  28  3:19  SCV  
  34  3:30  SCV  
  34  3:31  SCV  
  36  3:34  Viking  
  36  3:35  Hellion x2  
  36  3:38  Barracks Tech Lab  
  42  3:42  SCV  
  42  3:46  Supply Depot  
  43  3:51  SCV  
  43  3:54  SCV  
  45  3:57  Hellion x2  
  45  4:02  Orbital Command  
  49  4:04  Stimpack, SCV  
  50  4:10  SCV  
  50  4:14  Marine  
  50  4:16  SCV  
  53  4:22  Barracks  
  53  4:25  Starport Reactor  
  53  4:26  SCV  
  53  4:27  Barracks  
  53  4:28  SCV  
  53  4:29  Factory Tech Lab  
  53  4:31  SCV  
  56  4:33  Supply Depot  
  56  4:37  Refinery  
  56  4:38  Engineering Bay  
  56  4:40  Engineering Bay  
  56  4:42  SCV  
  56  4:43  SCV  
  58  4:45  Marine  
  58  4:47  SCV  
  58  4:49  Siege Tank  
  63  4:55  SCV  
  63  4:56  Supply Depot, SCV  
  65  5:07  Refinery  
  65  5:08  Orbital Command  
  65  5:09  Starport Reactor  
  65  5:11  Terran Infantry Armor Level 1, Terran Infantry Weapons Level 1  
  65  5:12  Marine x3  
  65  5:13  SCV  
  69  5:18  SCV  
  69  5:19  Supply Depot  
  70  5:22  Supply Depot  
  70  5:25  SCV  
  71  5:30  SCV, Marine x4  
  71  5:31  Marine  
  71  5:33  Siege Tank  
  80  5:36  SCV  
  80  5:37  SCV  
  80  5:42  SCV  
  83  5:48  SCV, Marine  
  83  5:49  Medivac x2, SCV  
  90  5:53  Supply Depot  
  90  6:00  Supply Depot  
  90  6:01  Supply Depot, Marine x4  
  94  6:04  Combat Shield  
  94  6:06  SCV  
  94  6:10  Siege Tank  
  98  6:13  SCV x2  
  98  6:18  Supply Depot, SCV  
  101  6:20  Marine x2  
  101  6:21  Marine  
  104  6:25  SCV  
  104  6:27  SCV  
  104  6:30  Medivac x2  
  110  6:41  Marine  
  110  6:42  Marine x3  
  110  6:43  Marine  
  110  6:44  Siege Tank  
  110  6:45  SCV x2  
  110  6:46  SCV  
  121  6:50  Barracks  
  121  7:00  Medivac  
  114  7:01  Marine x2  
  114  7:02  Marine x3  
  114  7:05  SCV x2  
  114  7:07  Armory, Refinery  
  121  7:08  Refinery  
  121  7:09  SCV  
  121  7:11  Supply Depot  
  122  7:17  SCV  
  122  7:19  Marine x2  
  122  7:20  Marine  
  122  7:21  Siege Tank  
  122  7:22  Medivac  
  119  7:23  SCV x2  
  119  7:29  Marine  
  122  7:30  SCV, Marine  
  122  7:35  SCV x2  
  122  7:37  Marine  
  126  7:42  SCV  
  122  7:50  Command Center  
Tags
 
Add a new tag
Caveats
  • Supply blocks, unpowered buildings, or Contaminate may cause inaccurate times.
  • Supply counts are checked every 10 seconds.